 Dungeon Crawl Stone Soup version 0.29-a0-234-g0dae59b3db (webtiles) character file.

Game seed: 18343458968205372674

161 Armakuni the Conjurer (level 5, -7/57 HPs)
             Began as a Draconian Conjurer on Mar 3, 2022.
             Killed from afar by a steam dragon (15 damage)
             ... with a ball of steam
             ... on level 3 of the Dungeon.
             The game lasted 00:06:45 (4079 turns).

Armakuni the Conjurer (Draconian Conjurer)          Turns: 4079, Time: 00:06:45

Health: -7/57      AC:  5    Str: 10    XL:     5   Next: 18%
Magic:  3/8        EV: 12    Int: 20    God:
Gold:   103        SH:  0    Dex:  9    Spells: 1/8 levels left

rFire   . . .      SeeInvis .   a - +4 mace
rCold   . . .      Faith    .   (no shield)
rNeg    . . .      Spirit   .   (body armour unavailable)
rPois   .          Reflect  .   (helmet restricted)
rElec   .          Harm     .   (no cloak)
rCorr   .          Rampage  .   (no gloves)
Will    .....                   (no boots)
Stlth   ..........              A - amulet of the acrobat
HPRegen 0.19/turn               (no ring)
MPRegen 0.11/turn               (no ring)

@: berserking, very quick
A: AC +5, unfitting armour, cold-blooded
a: no special abilities


You were on level 3 of the Dungeon.
You visited 1 branch of the dungeon, and saw 4 of its levels.

You collected 103 gold pieces.

Inventory:

Hand Weapons
 a - a +4 mace (weapon)
Jewellery
 A - an amulet of the acrobat (around neck)
Scrolls
 d - a scroll of immolation
 f - a scroll of identify
Potions
 b - a potion of berserk rage
 g - a potion of attraction {unknown}


   Skills:
 - Level 1.7 Dodging
 - Level 1.7 Stealth
 - Level 2.0 Spellcasting
 + Level 6.5 Conjurations


You had one spell level left.
You knew the following spells:

 Your Spells              Type           Power      Damage    Failure   Level
a - Magic Dart            Conj           100%       1d8       1%          1
m - Iskenderun's Mystic   Conj/Tloc      15%        2d5       38%         4
z - Searing Ray           Conj           56%        2d6       1%          2

Your spell library contained the following spells:

 Spells                   Type           Power      Damage    Failure   Level
 Dazzling Flash           Conj/Hex       30%        N/A       12%         3
 Fulminant Prism          Conj/Hex       7%         3d7       38%         4
 Tukima's Dance           Hex            2%         N/A       43%         3
 Passage of Golubria      Tloc           2%         N/A       83%         4
 Yara's Violent Unravell  Hex/Tmut       1%         3d3       99%         5


Dungeon Overview and Level Annotations

Branches:
Dungeon (4/15)
 Temple: D:4-7

Altars:
Ru
The Shining One

Shops:
D:1 [


Innate Abilities, Weirdness & Mutations

Your plain brown scales are hard. (AC +5)
You cannot fit into any form of body armour.
You are cold-blooded and may be slowed by cold attacks.


Message History

The steam dragon barely misses you. The steam dragon closely misses you.
You hit the steam dragon.
Your tail-slap misses the steam dragon.
The steam dragon is almost dead.
The steam dragon bites you.
The steam dragon claws you but does no damage.
You barely miss the steam dragon.
Your tail-slap misses the steam dragon.
The steam dragon is almost dead.
The steam dragon breathes steam at you. The ball of steam hits you.
You barely miss the steam dragon.
The steam dragon is almost dead.
You are engulfed in a cloud of scalding steam.
The steam dragon closely misses you.
The steam dragon claws you but does no damage.
You barely miss the steam dragon.
The steam dragon is almost dead.
You are engulfed in a cloud of scalding steam.
The steam dragon breathes steam at you. The ball of steam misses you.
You barely miss the steam dragon.
Your tail-slap misses the steam dragon.
The steam dragon is almost dead.
You are engulfed in a cloud of scalding steam.
* * * LOW HITPOINT WARNING * * *
The steam dragon misses you.
The steam dragon claws you but does no damage.
You closely miss the steam dragon.
Your tail-slap misses the steam dragon.
The steam dragon is almost dead.
You are engulfed in a cloud of scalding steam.
* * * LOW HITPOINT WARNING * * *
The steam dragon barely misses you. x2
You closely miss the steam dragon.
The steam dragon is severely wounded.
You are engulfed in a cloud of scalding steam.
* * * LOW HITPOINT WARNING * * *
The steam dragon barely misses you. x2
You hit the steam dragon.
Your tail-slap misses the steam dragon.
The steam dragon is almost dead.
The steam dragon breathes steam at you. The ball of steam hits you!
You die...

.##.....# #.# #.##..##..##### #..
######### #.# #.........# #..
#######.######..##..#######..
#........# #............... #
#.#......# ##.###########.. ###
#.#......# #.#### ##...
#.###.##.###.# ####....## ##....
#..##.#...##.###ยง.......####.....
#..'............@D.........'.....
#..##........###.####...####.....
#.######..#### #.####..## ##....
.## ##.# #.##....# ##... ## #.#
#.##.##.# ##.. #.# #.##.##.# ##'
#.# #.##.##.# #. #.# #.>...[.# #.
# #.# ####.#### ##)


You could see a steam dragon (catching breath).

Vanquished Creatures
  2 orc wizards
  3 adders
  3 worms (D:3)
  2 dart slugs
  8 orcs
  6 endoplasms
  A giant cockroach (D:1)
  5 goblins
  4 hobgoblins
  3 jackals (D:1)
  3 quokkas
  6 ball pythons
  6 bats
  7 frilled lizards
  4 kobolds
  3 rats
66 creatures vanquished.

Vanquished Creatures (others)
  An orc wizard (D:4)
  A fungus (D:3)
  9 plants (D:3)
11 creatures vanquished.

Grand Total: 77 creatures vanquished

Notes
Turn   | Place    | Note
-------+----------+-------------------------------------------
     0 | D:1      | Armakuni the Draconian Conjurer began the quest for the
                  | Orb.
     0 | D:1      | Reached XP level 1. HP: 14/14 MP: 3/3
   310 | D:1      | Found a glowing golden altar of the Shining One.
   313 | D:1      | Reached XP level 2. HP: 20/20 MP: 1/5
   514 | D:1      | Learned a level 2 spell: Searing Ray
   714 | D:1      | Found a faded altar of an unknown god.
   725 | D:1      | Reached skill level 5 in Conjurations
   732 | D:1      | Reached XP level 3. HP: 24/26 MP: 1/6
   959 | D:1      | Found Weaqisy's Armour Shop.
  2304 | D:3      | Reached XP level 4. HP: 33/33 MP: 1/7
  2417 | D:3      | Reached skill level 6 in Conjurations
  2872 | D:3      | Found a sacrificial altar of Ru.
  2989 | D:3      | Learned a level 4 spell: Iskenderun's Mystic Blast
  3825 | D:4      | Noticed a steam dragon
  3920 | D:4      | Reached XP level 5. HP: 23/38 MP: 3/8
  4079 | D:3      | Killed from afar by a steam dragon

Illustrated notes

Levels and vault maps discovered:
D:1:      amcnicky_arrival_gap_in_the_tavern_cellar, layout_basic,
          ebering_ecumenical_altar_rust, serial_shops,
          nicolae_shop_behind_doors, kennysheep_flooded_box
D:2:      layout_loops_ring, serial_glass, glass_columns_b, glass_columns_a
D:3:      wad_river_or_something, layout_loops_corners,
          nicolae_ru_the_path_less_chosen
D:4:      layout_gridville, columned_hall_lemuel

Skill      XL: |  1  2  3  4 |
---------------+-------------+-----
Conjurations   | 5 6 |  6.5
Dodging        | |  1.7
Stealth        | |  1.7
Spellcasting   | |  2.0

Action                   |  1- 3 |  4- 6 || total
-------------------------+-------+-------++-------
Melee: Unarmed           |    12 |       ||    12
       Mace              |       |    14 ||    14
       Tailslap          |       |     1 ||     1
 Cast: Magic Dart        |    27 |       ||    27
       Searing Ray       |    32 |    21 ||    53
  Use: Scroll            |     4 |     3 ||     7
       Potion            |       |     3 ||     3
 Stab: Sleeping          |     1 |       ||     1
Armor: Skin              |     5 |    10 ||    15
Dodge: Dodged            |    38 |    32 ||    70

Table legend: (Time is in decaauts)
 A = Elapsed time spent in this place.
 B = Non-inter-level travel time spent in this place.
 C = Inter-level travel time spent in this place.
 D = Time resting spent in this place.
 E = Time spent auto-exploring this place.
 F = Levels seen in this place.
 G = Mean time per level.
                   A        B        C        D        E       F      G
               +--------+--------+--------+--------+--------+-----+--------+
         Total |   4085 |   3993 |     92 |    908 |   2481 |   4 | 1021.2 |
       Dungeon |   4085 |   3993 |     92 |    908 |   2481 |   4 | 1021.2 |
               +--------+--------+--------+--------+--------+-----+--------+

Top non-repeatable levels by time:
     D:3: 1800 daAuts
     D:1: 1148 daAuts
     D:2: 1087 daAuts
     D:4: 49 daAuts
